AoeStats
← GORGORY

Glade

510398474Analyzed
1v1 RM · 2d ago on Sep 30, 2026· 51m 0s· 2 players
Game mode
Random Map
Map size
Tiny (2 player)
Population
200
Speed
Normal
Resources
Standard
Victory
Conquest
Starting age
Dark Age
Ending age
Imperial Age
RankedLock teamsTeams togetherTeam positionsShared explorationLock speedFull tech treeHidden civsTurbo modeCheats
Victory
Defeat
🇧🇷 Japanese · Brazil
974
+17
🇦🇷 Ethiopians · Argentina
992
-17
bleal86
11:59 Feudal Age
13:40 Double-Bit Axe
15:46 Loom
18:24 Castle Age
16:46 Horse Collar
19:35 Bow Saw
20:03 Gold Mining
21:49 Man-at-Arms
22:14 Gambesons
24:37 Town Watch
26:15 Squires
30:55 Imperial Age
28:10 Long Swordsman
29:53 Arson
32:33 Wheelbarrow
33:04 Town Patrol
33:11 Heavy Plow
32:54 Two-Handed Swordsman
36:27 Hand Cart
36:00 Capped Ram
37:19 Hoardings
41:58 Kataparuto
41:04 Elite Samurai
42:35 Forging
42:34 Yasama
43:10 Champion
43:36 Arson
45:42 Two-Man Saw
45:58 Scale Mail Armor
46:34 Iron Casting
46:35 Onager
GORGORY
6:16 Loom
9:14 Feudal Age
10:22 Double-Bit Axe
10:19 Horse Collar
15:07 Wheelbarrow
18:58 Castle Age
17:14 Stone Mining
18:05 Gold Mining
20:53 Town Watch
22:50 Fervor
25:28 Fletching
25:38 Padded Archer Armor
25:39 Scale Mail Armor
28:02 Bow Saw
28:30 Heavy Plow
29:14 Crossbowman
30:41 Ballistics
31:04 Hand Cart
31:42 Thumb Ring
33:45 Royal Heirs
37:12 Imperial Age
37:16 Gold Shaft Mining
37:05 Squires
36:51 Arson
37:22 Forging
38:08 Bodkin Arrow
38:43 Conscription
39:47 Stone Shaft Mining
38:36 Capped Ram
41:48 Arbalester
43:20 Onager
45:46 Onager
46:56 Bracer
47:11 Leather Archer Armor
47:32 Iron Casting
47:12 Chain Mail Armor
46:42 Siege Ram
48:02 Sanctity
50:55 Town Patrol
Connection lost

Rejoining the realm…

Still unreachable

The connection could not be restored.

Session expired

The server has moved on; the page needs a fresh start.